 Dungeon Crawl Stone Soup version 0.27.1-1-g398f81649c (webtiles) character file.

Game seed: 18146670433660844125

9680 mainiacjoe the Nimble (level 11, -9/84 HPs)
             Began as a Djinni Conjurer on Sept 7, 2021.
             Was a Priest of Ru.
             Mangled by a death knight (31 damage)
             ... on level 10 of the Dungeon.
             The game lasted 00:42:37 (14427 turns).

mainiacjoe the Nimble (Djinni Conjurer)            Turns: 14427, Time: 00:42:38

Health: -9/84      AC:  5    Str: 12    XL:     11   Next: 78%
Gold:   591        EV: 14    Int: 30    God:    Ru [***...] SH:  4 Dex: 11

rFire    + + +     SeeInvis .   a - +2 hand axe (elec)
rCold    x . .     Faith    .   k - +0 buckler
rNeg     . . .     Spirit   .   D - +0 leather armour {rF+}
rPois    ∞         Reflect  .   (no helmet)
rElec    .         Harm     .   e - +1 cloak
rCorr    .         Rampage  .   (no gloves)
Will     +....                  (boots unavailable)
Stlth    ++........             (no amulet)
HPRegen  0.24/turn              G - +6 ring of intelligence
MPRegen  0.00/turn              v - +6 ring of strength

@: horrified, flying, very slightly contaminated
A: sickness immunity, fire resistance 2, cold vulnerability 1, cowardly,
unskilled 1, missing an eye, float, innate caster, hp casting, extra vitality 1
a: Renounce Religion, Draw Out Power


You were on level 10 of the Dungeon.
You worshipped Ru.
Ru was most pleased with you.
You visited 1 branch of the dungeon, and saw 10 of its levels.

You collected 591 gold pieces.

Inventory:

Hand Weapons
 a - a +2 hand axe of electrocution (weapon)
 b - a +1 hunting sling
 x - a +0 mace
 C - a +1 rapier of holy wrath
Missiles
 l - 138 arrows
 p - 6 javelins
 r - 53 sling bullets
 s - 352 stones
 A - 4 silver boomerangs
 B - 81 poisoned darts (quivered)
 H - 29 boomerangs
 I - 13 throwing nets {=F}
 L - 7 curare-tipped darts {=F}
 N - 4 datura-tipped darts {=F}
Armour
 d - a +0 robe
 e - a +1 cloak (worn)
 k - a +0 buckler (worn)
 u - a +0 ring mail
 D - a +0 leather armour of fire resistance (worn)
Jewellery
 i - a ring of resist corrosion
 v - a +6 ring of strength (right hand)
 G - a +6 ring of intelligence (left hand)
Wands
 w - a wand of iceblast (8)
 y - a wand of polymorph (5)
 M - a wand of mindburst (4)
 P - a wand of acid (3)
Scrolls
 c - a scroll of immolation
 f - 3 scrolls of brand weapon
 g - a scroll of vulnerability {unknown}
 h - a scroll of fear {unknown}
 n - a scroll of blinking {unknown}
 t - 7 scrolls of teleportation
 E - 2 scrolls of magic mapping {unknown}
 K - a scroll of enchant weapon
 O - a scroll of fog {unknown}
 Q - a scroll of summoning {unknown}
Potions
 j - 2 potions of curing
 m - 5 potions of cancellation
 o - 2 potions of heal wounds
 q - 2 potions of lignification
 z - 2 potions of might
 F - 2 potions of invisibility
 J - a potion of attraction


   Skills:
 - Level 9.1 Fighting
 - Level 9.1 Dodging
 + Level 2.6 Stealth
 - Level 3.6 Shields
 * Level 7.8 Spellcasting
 + Level 2.2 Evocations


You couldn't memorise any spells.
You knew the following spells:

 Your Spells              Type           Power      Damage    Failure   Level
a - Magic Dart            Conj           100%       1d8       1%          1
b - Searing Ray           Conj           90%        3d6       1%          2
c - Dazzling Flash        Conj/Hex       90%        N/A       1%          3
d - Fulminant Prism       Conj/Hex       22%        3d13      2%          4
e - Iskenderun's Mystic   Conj/Tloc      45%        2d10      2%          4
f - Pain                  Necr           100%       1d9       1%          1
g - Passwall              Tmut/Erth      37%        N/A       1%          2
h - Vampiric Draining     Necr           22%        2d9       1%          3
i - Teleport Other        Tloc           45%        N/A       1%          3
j - Olgreb's Toxic Radia  Pois           45%        N/A       2%          4
Your spell library was empty.

Dungeon Overview and Level Annotations

Branches:
Dungeon (10/15)            Temple (0/1) D:6
   Lair: D:8-11         Orc: D:9-12

Altars:
Elyvilon
Gozag
Kikubaaqudgha
Ru
Sif Muna
Trog
Vehumet
Yredelemnul

Shops:
D:3 =*   D:6 (

Annotations:
D:10 Maurice


Innate Abilities, Weirdness & Mutations

You are immune to sickness and miasma.
You are immune to poison.
Your flesh is very heat resistant. (rF++)
You are vulnerable to cold. (rC-)
Your cowardice makes you less effective in combat with threatening monsters.
You are somewhat unskilled. (-1 Apt)
You are missing an eye, making it more difficult to aim.
You float through the air rather than walking.
You learn spells naturally, not from books.
Your magical power is your life essence.
You have superior vitality. (+4 HP)


Message History

The vampire mosquito is stunned by your conviction and fails to attack.
Your fulminant prism crackles loudly.
Casting: Fulminant Prism (dangerous; 2% risk of failure)
Confirm with . or Enter, or press ? or * to list all spells.
Aiming: Searing Ray (safe; 1% risk of failure)
Press: ? - help, Shift-Dir - straight line The searing ray hits the vampire mosquito!
The vampire mosquito is moderately damaged. (Press . to maintain the ray.)
You block the vampire mosquito's attack.
The vampire mosquito bites you!
Your fulminant prism explodes!
The blast of energy engulfs the death knight!!
The death knight is moderately wounded.
The blast of energy engulfs the vampire mosquito!!
You destroy the vampire mosquito!
The death knight reflects your damage back at you!
Casting: Searing Ray (safe; 1% risk of failure)
Confirm with . or Enter, or press ? or * to list all spells.
Restarting spell: Searing Ray (safe; 1% risk of failure)
Press: ? - help, Shift-Dir - straight line, f - death knight
Aim: a death knight, wielding a +4 battleaxe and wearing a +0 chain mail (moderately wounded, reflecting injuries, 74% to hit)
The searing ray hits the death knight.
The death knight is moderately wounded. (Press . to maintain the ray.)
The death knight reflects your damage back at you!
The searing ray hits the death knight!
The death knight is moderately wounded.
The death knight reflects your damage back at you!
The searing ray hits the death knight but does no damage.
The death knight is moderately wounded.
The death knight's dark mirror aura disappears.
The death knight hits you with a +4 battleaxe!
* * * LOW HITPOINT WARNING * * *
The searing ray hits the death knight.
The death knight is heavily wounded.
* * * LOW HITPOINT WARNING * * *
You finish channeling your searing ray.
The death knight hits you with a +4 battleaxe!!
You die...

......#....#.........#
#####.#.#..##.⌠...⌠.##
##..........#.......#
##.##.#..#..##.....##
## #.#......#.....# #
##.#..@...##...##@.#
#..........#...#...#
....#.......##p##...#
.[#.##........#@#....
........##:...###.†#
#.#####.##.#...#...#
#. .....##..#..#
...#####.....# ##.
#.###.# # ..## .# #l#
.# ## #


You could see a death knight.

Vanquished Creatures
  A hydra (D:10)
  A centaur warrior (D:10)
  Nergalle (D:9)
  The ghost of Daunt the Tainter, a novice OpVM of Vehumet (D:6)
  2 manticores (D:10)
  Sigmund (D:6)
  A vampire (D:9)
  A wyvern (D:9)
  8 yaks
  A basilisk (D:8)
  Eustachio (D:5)
  Menkaure (D:6)
  4 vampire mosquitoes (D:10)
  A water moccasin (D:7)
  2 hornet zombies (D:6)
  2 orc warriors
  2 necrophages
  A wolf (D:6)
  An ogre (D:6)
  2 centaurs (D:8)
  2 kobold brigands
  2 bullfrogs
  A wyvern zombie (D:6)
  4 gnoll sergeants
  2 scorpions (D:5)
  6 killer bees (D:9)
  3 wights (D:6)
  A howler monkey (D:9)
  An electric eel (D:7)
  4 bullfrog skeletons
  6 centaur zombies
  8 hounds
  3 jellies
  8 orc priests
  3 centaur skeletons
  2 gnoll shamans (D:6)
  2 iguanas
  8 orc wizards
  2 killer bee zombies (D:9)
  A hound zombie (D:5)
  A hound skeleton (D:4)
  4 howler monkey zombies
  30 gnolls
  2 howler monkey skeletons
  5 adders
  A shadow imp (D:7)
  2 white imps
  An adder skeleton (D:4)
  2 worms
  4 dart slugs
  23 orcs
  9 ball pythons
  8 endoplasms
  8 giant cockroaches
  8 goblins
  7 hobgoblins
  3 jackals (D:6)
  21 kobolds
  7 quokkas
  8 bats
  3 frilled lizards (D:2)
  7 rats
268 creatures vanquished.

Vanquished Creatures (others)
  37 fulminant prisms
  27 plants (D:7)
64 creatures vanquished.

Grand Total: 332 creatures vanquished

Notes
Turn   | Place    | Note
-------+----------+-------------------------------------------
     0 | D:1      | mainiacjoe the Djinni Conjurer began the quest for the Orb.
     0 | D:1      | Reached XP level 1. HP: 15/15 MP: 0/0
   289 | D:1      | Reached XP level 2. HP: 20/21 MP: 0/0
   764 | D:1      | Reached XP level 3. HP: 21/25 MP: 0/0
   764 | D:1      | Learned a level 1 spell: Pain
  1416 | D:2      | Found a faded altar of an unknown god.
  1688 | D:2      | Reached XP level 4. HP: 27/31 MP: 0/0
  2367 | D:3      | Found Eggoyr's Jewellery Shoppe.
  2696 | D:3      | Found a sacrificial altar of Ru.
  2704 | D:3      | Reached skill level 1 in Shields
  2704 | D:3      | Reached XP level 5. HP: 27/35 MP: 0/0
  2704 | D:3      | Learned a level 2 spell: Passwall
  2866 | D:3      | Found an opulent altar of Gozag.
  2894 | D:3      | Found Gozag's Platinum Reserve.
  3057 | D:3      | Became a worshipper of Ru the Awakened
  3071 | D:4      | Noticed a necrophage
  3385 | D:4      | Reached skill level 5 in Spellcasting
  3385 | D:4      | Reached XP level 6. HP: 19/40 MP: 0/0
  3960 | D:4      | Killed a necrophage
  3961 | D:4      | Reached XP level 7. HP: 39/45 MP: 0/0
  3961 | D:4      | Learned a level 3 spell: Vampiric Draining
  4553 | D:5      | Entered Level 5 of the Dungeon
  4852 | D:5      | Noticed Eustachio
  5114 | D:5      | Found a bloodstained altar of Trog.
  5286 | D:5      | Found a glowing drain.
  5379 | D:5      | Killed Eustachio
  5380 | D:5      | Reached XP level 8. HP: 15/50 MP: 0/0
  5879 | D:4      | Gained mutation: You are missing an eye, making it more
                  | difficult to aim. [Ru sacrifice]
  6410 | D:6      | Found a runed translucent door.
  6411 | D:6      | Noticed Menkaure
  6418 | D:6      | Killed Menkaure
  6419 | D:6      | Noticed Daunt's ghost (novice OpVM)
  6439 | D:6      | Noticed Sigmund
  6689 | D:6      | Killed Sigmund
  6732 | D:6      | Reached XP level 9. HP: 34/56 MP: 0/0
  6732 | D:6      | Learned a level 3 spell: Teleport Other
  6828 | D:6      | Reached skill level 1 in Fighting
  7844 | D:6      | Reached skill level 5 in Dodging
  8497 | D:6      | Reached skill level 5 in Fighting
  8685 | D:6      | Found Hazefofi's Antique Weapon Shop.
  8749 | D:6      | Found a staircase to the Ecumenical Temple.
  8995 | D:6      | Killed Daunt's ghost
  8996 | D:6      | Reached XP level 10. HP: 53/72 MP: 0/0
  9259 | D:7      | Found a white marble altar of Elyvilon.
  9479 | D:7      | Gained mutation: Your cowardice makes you less effective in
                  | combat with threatening monsters. [Ru sacrifice]
  9479 | D:7      | Reached * piety under Ru
  9479 | D:7      | Reached ** piety under Ru
 11407 | D:9      | Found a basalt altar of Yredelemnul.
 12136 | D:10     | Entered Level 10 of the Dungeon
 12136 | D:10     | Noticed a manticore
 12143 | D:10     | Killed a manticore
 12144 | D:10     | Reached XP level 11. HP: 42/82 MP: 0/0
 12144 | D:10     | Learned a level 4 spell: Olgreb's Toxic Radiance
 12380 | D:10     | Noticed Nergalle
 12402 | D:9      | Killed Nergalle
 12403 | D:9      | Reached skill level 10 in Dodging
 12896 | D:10     | Noticed a seven-headed hydra
 12907 | D:10     | Killed a seven-headed hydra
 12908 | D:10     | Reached skill level 10 in Fighting
 12919 | D:9      | Gained mutation: You are somewhat unskilled. (-1 Apt) [Ru
                  | sacrifice]
 12919 | D:9      | Reached *** piety under Ru
 13530 | D:10     | Reached skill level 1 in Evocations
 13549 | D:10     | Noticed a centaur warrior
 13877 | D:10     | Killed a centaur warrior
 14128 | D:10     | Noticed a manticore
 14135 | D:10     | Killed a manticore
 14142 | D:10     | Noticed Maurice
 14153 | D:10     | Noticed a seven-headed hydra
 14405 | D:10     | Noticed a death knight
 14427 | D:10     | Mangled by a death knight

Illustrated notes

Levels and vault maps discovered:
D:1:      ncdulo_smallfort, layout_rooms, minivault_27, patterned_corridor
D:2:      layout_rooms, shapermc_ecumenical_altar_rom_forum, minmay_pentomino_t2
D:3:      layout_basic, nicolae_gozag_zags_fifth_avenue,
          nicolae_ru_great_annihilating_truth, kiku_gazebo_pond_becter,
          serial_shops, nicolae_square_shop
D:4:      layout_loops_ring
D:5:      wander_river, layout_rooms, bloody_trog, gup_sewer_entry_glass,
          uniq_eustachio
D:6:      layout_cave_pools, nicolae_overflow_hidden_temple,
          minmay_temple_entry_mini_moons, serial_gnoll_camp,
          gnoll_camp_mini_loothouse, gnoll_camp_huts_moat, gnoll_camp_mini_shop,
          gnoll_camp_medium_01, ebering_ghost_reflecting_pool, uniq_sigmund,
          uniq_menkaure
D:7:      layout_rooms, elyvilon_altar_5, amethyst_killhole,
          chequers_serial_rivers_room_a, serial_bayou_lagoon_a
D:8:      nicolae_whirlpool, layout_basic, tgw_sif
D:9:      layout_basic, nicolae_yredelemnul_corpse_copse
D:10:     minmay_diamond_stairs, layout_loops_ring, tgw_fedhas, orc_david_3,
          uniq_nergalle, uniq_maurice

Skill      XL: |  1  2  3  4  5  6  7  8  9 10 11 |
---------------+----------------------------------+-----
Spellcasting   | 4 5 6 8 7 |  7.8
Shields        | 1 2 3 4 3 |  3.6
Fighting       | 6 8 9 |  9.1
Dodging        | 7 9 9 |  9.1
Evocations     | 2 |  2.2
Stealth        | 2 |  2.6

Action                   |  1- 3 |  4- 6 |  7- 9 | 10-12 || total
-------------------------+-------+-------+-------+-------++-------
Melee: Short sword       |     2 |       |       |       ||     2
       Mace              |       |     1 |       |       ||     1
       Hand axe          |       |    11 |    20 |    21 ||    52
 Fire: Hunting sling     |       |    38 |    64 |    48 ||   150
Throw: Stone             |     3 |    10 |       |       ||    13
       Dart              |       |       |       |     9 ||     9
 Cast: Magic Dart        |    63 |    24 |    59 |    30 ||   176
       Searing Ray       |    10 |    25 |    64 |    58 ||   157
       Iskenderun's Myst |       |       |    12 |    12 ||    24
       Fulminant Prism   |       |       |    16 |    21 ||    37
       Dazzling Flash    |       |       |       |     3 ||     3
       Olgreb's Toxic Ra |       |       |       |     1 ||     1
       Vampiric Draining |       |       |       |     1 ||     1
Invok: Sacrifice an Eye  |       |       |     1 |       ||     1
       Sacrifice Courage |       |       |       |     1 ||     1
       Draw Out Power    |       |       |       |     1 ||     1
       Sacrifice Skill   |       |       |       |     1 ||     1
Evoke: Wand              |       |       |       |     2 ||     2
  Use: Scroll            |       |     4 |     4 |     9 ||    17
 Stab: Invisible         |       |       |       |     2 ||     2
Armor: Robe              |     6 |       |       |       ||     6
       Ring mail         |       |     9 |    20 |       ||    29
       Leather armour    |       |       |     5 |    14 ||    19
Dodge: Dodged            |    23 |    10 |    57 |    89 ||   179
Block: Buckler           |       |     5 |    15 |    29 ||    49
